 Dungeon Crawl Stone Soup version 0.23.0 (webtiles) character file.

Game seed: 8846367290526650094

1314 Revguard the Slasher (level 8, -1/91 HPs)
             Began as a Demonspawn Gladiator on Feb 19, 2019.
             Was an Initiate of Ashenzari.
             Killed by divine providence
             ... invoked by an orc priest
              (14 damage)
             ... on level 5 of the Dungeon.
             The game lasted 00:19:20 (4907 turns).

Revguard the Slasher (Demonspawn Gladiator)         Turns: 4907, Time: 00:19:21

Health: -1/91      AC: 24    Str: 15    XL:     8   Next: 32%
Magic:  8/8        EV:  2    Int: 14    God:    Ashenzari [......]
Gold:   262        SH:  0    Dex: 17    Spells: 7/7 levels left

rFire    x . .     SeeInvis .   v - +2 falchion (slice)
rCold    + . .     Gourm    .   (no shield)
rNeg     + + +     Faith    .   (armour currently unavailable)
rPois    +         Spirit   .   (helmet unavailable)
rElec    .         Reflect  .   (cloak currently unavailable)
rCorr    .         Harm     .   (gloves currently unavailable)
MR       .....     NoTele   +   (boots currently unavailable)
Stlth    ++........             (no amulet)
HPRegen  0.25/turn              n - +5 ring of intelligence (curse)
MPRegen  0.11/turn              u - ring of ice

@: tree-form
A: no striking features
a: Curse Item, Renounce Religion


You were on level 5 of the Dungeon.
You worshipped Ashenzari.
Ashenzari was noncommittal.
You were not hungry.
You were a tree.
You visited 2 branches of the dungeon, and saw 6 of its levels.

You collected 262 gold pieces.

Inventory:

Hand Weapons
 a - a +0 long sword
 v - a +2 falchion of slicing (weapon)
Missiles
 d - 3 throwing nets (quivered)
Armour
 b - a +0 leather armour
 c - a +0 helmet
 r - a cursed +2 leather armour of cold resistance (melded)
Jewellery
 n - a cursed +5 ring of intelligence (left branch)
 u - a ring of ice (right branch)
Wands
 q - a wand of scattershot (6)
Scrolls
 g - a scroll of immolation
 i - a scroll of blinking {unknown}
 j - a scroll of fog {unknown}
 l - 2 scrolls of enchant armour {unknown}
 m - a scroll of identify
 o - 3 scrolls of enchant weapon {unknown}
 p - a scroll of noise {unknown}
 s - 3 scrolls of teleportation {unknown}
 t - a scroll of magic mapping {unknown}
Potions
 e - 2 potions of degeneration
 k - a potion of flight
Comestibles
 f - 10 rations
 w - a chunk of flesh


   Skills:
 + Level 4.5 Fighting
 + Level 6.6 Long Blades
 - Level 1.7 Throwing
 + Level 3.6 Armour
 + Level 4.3 Dodging
 + Level 2.7 Stealth


You had 7 spell levels left.
You didn't know any spells.
Your spell library was empty.

Dungeon Overview and Level Annotations

Branches:
Dungeon (5/15)             Temple (1/1) D:4

Altars:
Ashenzari
Cheibriados
Dithmenos
Elyvilon
Gozag
Hepliaklqana
Kikubaaqudgha
Makhleb
Nemelex Xobeh
Okawaru
Ru
Sif Muna
Uskayaw
Wu Jian
Xom
Yredelemnul
Zin
The Shining One


Innate Abilities, Weirdness & Mutations

((You have sharp fingernails.))
((You have hoof-like feet.))
((You have a pair of large horns on your head.))
((Your flesh is cold resistant. (rC+)))


Message History

* * * LOW HITPOINT WARNING * * *
An orc comes into view. It is wielding a -2 whip.
The orc shouts!
You slash the centaur!
You kill the centaur!
The quokka skeleton bites you but does no damage.
You hit the quokka skeleton.
The quokka skeleton is almost destroyed.
The quokka skeleton bites you but does no damage.
You barely miss the quokka skeleton.
The quokka skeleton is almost destroyed.
The quokka skeleton bites you but does no damage.
You hit the quokka skeleton.
You destroy the quokka skeleton!
You closely miss the orc priest.
An orc comes into view.
An orc priest comes into view. It is wielding a -1 trident.
The orc priest mumbles some strange prayers to Beogh against you.
Beogh smites you!
You die...

#.....####...##.......##
#............#..#...###
................##...#
......##.###........##
....#.######.....#..#
....#.# ##.......####
......#.........## ##
#####....###.#..o#o.#
.....# #####♣oo.#
#....... #)#o...#
.......## ..##o..# .#
.... #..# .# $.... .o.#
.# ....### ### .# ###..
## ... #


You could see 2 orc priests and 5 orcs.

Vanquished Creatures
  A sky beast (D:5)
  3 phantoms
  An ogre (D:4)
  A centaur (D:5)
  A bullfrog (D:2)
  2 scorpions
  A water moccasin skeleton (D:4)
  3 orc priests (D:5)
  2 hounds
  5 orc wizards
  A bullfrog skeleton (D:4)
  An iguana (D:4)
  A worker ant (D:2)
  A worker ant zombie (D:5)
  3 gnolls
  7 adders
  An adder skeleton (D:4)
  4 worms
  3 leopard geckos
  23 orcs
  4 giant cockroaches
  10 goblins
  10 hobgoblins
  2 jackals (D:1)
  3 quokkas
  2 ball pythons
  5 bats
  A frilled lizard (D:2)
  17 kobolds
  A leopard gecko skeleton (D:5)
  2 quokka skeletons (D:5)
  5 rats
127 creatures vanquished.

Notes
Turn   | Place    | Note
-------+----------+-------------------------------------------
     0 | D:1      | Revguard the Demonspawn Gladiator began the quest for the
                  | Orb.
     0 | D:1      | Reached XP level 1. HP: 16/16 MP: 1/1
   311 | D:1      | Gained mutation: Your flesh is cold resistant. (rC+)
                  | [demonic ancestry]
   311 | D:1      | Reached XP level 2. HP: 19/22 MP: 2/2
   328 | D:1      | Reached skill level 3 in Long Blades
   576 | D:1      | Gained mutation: You have a pair of small horns on your
                  | head. [demonic ancestry]
   576 | D:1      | Reached XP level 3. HP: 27/27 MP: 3/3
  1106 | D:2      | Found a transporter.
  1106 | D:2      | Found a transporter.
  1106 | D:2      | Noticed a bullfrog
  1112 | D:2      | Noticed a phantom
  1130 | D:2      | Found an ornate altar of the Wu Jian Council.
  1179 | D:2      | Reached skill level 1 in Armour
  1257 | D:2      | Found a basalt altar of Yredelemnul.
  1258 | D:2      | Found a sparkling altar of Nemelex Xobeh.
  1258 | D:2      | Found an opulent altar of Gozag.
  1259 | D:2      | Found a shattered altar of Ashenzari.
  1305 | D:2      | Gained mutation: You have sharp fingernails. [demonic
                  | ancestry]
  1305 | D:2      | Reached XP level 4. HP: 31/34 MP: 4/4
  1339 | D:2      | Became a worshipper of Ashenzari the Shackled
  1648 | D:2      | Killed a bullfrog
  1648 | D:2      | Reached skill level 4 in Long Blades
  1648 | D:2      | Gained mutation: You have a pair of horns on your head.
                  | [demonic ancestry]
  1648 | D:2      | Reached XP level 5. HP: 39/39 MP: 5/5
  1659 | D:2      | Reached skill level 1 in Stealth
  1679 | D:2      | Killed a phantom
  1679 | D:2      | Gained mutation: You have large cloven feet. [demonic
                  | ancestry]
  1679 | D:2      | Reached XP level 6. HP: 18/47 MP: 6/6
  2515 | D:4      | Found a staircase to the Ecumenical Temple.
  2533 | Temple   | Entered the Ecumenical Temple
  2767 | D:4      | Identified the +6 mace "Imp's Funeral" {flame, Int+4 SInv}
  2768 | D:4      | Reached skill level 5 in Long Blades
  2777 | Temple   | HP: 2/47 [gnoll/+0 club (3)]
  3108 | Temple   | Gained mutation: You have hoof-like feet. [demonic
                  | ancestry]
  3108 | Temple   | Reached XP level 7. HP: 18/52 MP: 7/7
  4064 | D:4      | Found a glowing golden altar of the Shining One.
  4165 | D:4      | Gained mutation: You have a pair of large horns on your
                  | head. [potion of mutation]
  4165 | D:4      | Gained mutation: You are clumsy. (Dex -2) [potion of
                  | mutation]
  4165 | D:4      | Lost mutation: You are clumsy. (Dex -2) [potion of
                  | mutation]
  4170 | D:5      | Entered Level 5 of the Dungeon
  4174 | D:5      | Reached skill level 6 in Long Blades
  4414 | D:5      | Reached XP level 8. HP: 60/60 MP: 8/8
  4907 | D:5      | Killed from afar by an orc priest

Skill      XL: |  1  2  3  4  5  6  7 |
---------------+----------------------+-----
Long Blades    | 3 4 5 6 |  6.6
Dodging        | 3 4 |  4.3
Armour         | 1 2 3 |  3.6
Stealth        | 1 2 |  2.7
Fighting       | 3 4 |  4.5
Throwing       | |  1.7

Action                   |  1- 3 |  4- 6 |  7- 9 || total
-------------------------+-------+-------+-------++-------
Melee: Long sword        |   108 |    77 |       ||   185
       Headbutt          |     7 |    13 |    21 ||    41
       Falchion          |       |    54 |   117 ||   171
       Kick              |       |    28 |    37 ||    65
Invok: Curse Item        |       |     2 |       ||     2
  Use: Scroll            |       |     7 |       ||     7
       Potion            |       |     4 |     3 ||     7
 Stab: Sleeping          |     1 |     2 |     4 ||     7
  Eat: Chunk             |     1 |     4 |     5 ||    10
       Ration            |       |     1 |       ||     1
Armor: Leather armour    |    24 |    12 |    21 ||    57
       Skin              |       |    42 |     8 ||    50
Dodge: Dodged            |    91 |    73 |    92 ||   256
       Rpst.: Long sword |    25 |    12 |       ||    37
       Falchion          |       |     9 |    22 ||    31
